Map: New Repugnancy LE

Players

Namshar - Winner!

  • Race: Zerg Zerg
  • League: Grandmaster
  • Spawn Location: 1:00

LiquidMaNa (MaNa)

  • Race: Protoss Protoss
  • League: Grandmaster
  • Spawn Location: 7:00

Event: 2019 WCS Winter Europe

VOD

Have the link to the VOD?

Description

Time

  • Played on: Feb. 14, 2019, 10:17 a.m.
  • Length: 12:46

All games in this series

Show
View Real Time Build Order
Export as new Build Order

Namshar Zerg - Winner!

Build Orders: Hatch First, Lurkers, Roach Hydra 

Get SALT Encoding   

  12  0:00  Drone  
  13  0:12  Overlord  
  13  0:17  Drone  
  14  0:30  Drone  
  15  0:44  Hatchery  
  15  0:47  Drone  
  15  0:52  Drone  
  15  0:55  Drone  
  17  1:11  Spawning Pool  
  16  1:14  Extractor  
  16  1:17  Drone  
  16  1:18  Drone  
  16  1:22  Drone  
  18  1:31  Drone  
  19  1:42  Drone  
  20  1:57  Queen x2  
  20  1:58  Zergling x4  
  26  2:05  Overlord  
  26  2:07  Drone  
  27  2:13  Drone  
  28  2:24  Drone  
  28  2:25  Drone  
  30  2:31  Drone  
  31  2:40  Hatchery  
  30  2:46  Queen  
  30  2:51  Overlord  
  32  2:52  Drone  
  33  2:59  Drone  
  33  3:03  Drone x2  
  35  3:11  Drone x4  
  39  3:16  Drone x3  
  42  3:20  Pneumatized Carapace  
  42  3:22  Roach Warren  
  42  3:25  Drone  
  42  3:27  Overlord  
  42  3:29  Drone  
  42  3:33  Drone  
  44  3:39  Spore Crawler  
  44  3:41  Drone  
  44  3:44  Overlord  
  44  3:46  Queen  
  46  3:50  Extractor, Drone x3  
  46  3:51  Drone  
  49  3:58  Overlord  
  49  4:00  Drone  
  50  4:03  Drone x2  
  50  4:04  Drone  
  50  4:07  Metabolic Boost  
  50  4:09  Overlord  
  53  4:15  Overlord, Drone  
  53  4:16  Drone x2  
  56  4:21  Drone x2  
  56  4:22  Roach  
  56  4:24  Roach  
  62  4:32  Overlord  
  62  4:33  Drone x2  
  62  4:35  Extractor  
  62  4:36  Extractor  
  62  4:39  Roach x3  
  62  4:45  Drone x4  
  72  4:46  Overlord  
  72  4:48  Roach  
  74  4:58  Lair, Drone  
  74  4:59  Evolution Chamber  
  74  5:01  Drone  
  74  5:02  Drone x2  
  74  5:05  Drone  
  74  5:06  Extractor  
  78  5:07  Drone x2  
  78  5:08  Drone  
  78  5:14  Roach x3  
  86  5:16  Overlord  
  86  5:24  Roach x3  
  86  5:25  Roach  
  94  5:33  Drone, Zerg Missile Weapons Level 1  
  94  5:34  Overlord, Extractor  
  94  5:38  Roach x2, Zergling x6  
  100  5:46  Drone  
  100  5:47  Drone  
  100  5:48  Drone x4  
  100  5:49  Drone  
  106  5:52  Overlord x2  
  106  5:55  Glial Reconstitution  
  106  5:57  Hydralisk Den  
  102  6:07  Overseer  
  102  6:10  Drone x3  
  105  6:19  Overseer  
  105  6:21  Hatchery  
  104  6:27  Overlord x3  
  104  6:29  Drone  
  104  6:32  Queen  
  107  6:33  Grooved Spines  
  107  6:37  Spore Crawler, Drone  
  107  6:38  Spore Crawler, Drone  
  107  6:39  Drone  
  108  6:42  Hydralisk x3  
  114  6:47  Hydralisk x2  
  118  6:54  Overlord x2  
  118  6:57  Hydralisk x2  
  118  7:12  Overlord x2  
  118  7:13  Hydralisk  
  118  7:14  Hydralisk x5  
  128  7:22  Hydralisk x3  
  129  7:29  Hydralisk x2  
  133  7:41  Hydralisk x5  
  140  7:45  Muscular Augments  
  140  7:47  Hydralisk  
  140  7:48  Hydralisk x2  
  139  7:57  Hydralisk x4  
  137  8:00  Queen  
  129  8:08  Queen, Drone  
  129  8:11  Zerg Missile Weapons Level 2  
  129  8:12  Drone  
  133  8:13  Drone  
  133  8:17  Drone x7  
  139  8:20  Overlord  
  136  8:43  Drone x2  
  136  8:45  Overlord x2  
  136  8:47  Hydralisk x4, Drone x2  
  143  8:49  Spore Crawler  
  140  9:02  Hydralisk x4  
  140  9:03  Hydralisk x5  
  140  9:09  Drone x2  
  160  9:14  Extractor, Drone  
  160  9:15  Lurker Den  
  161  9:17  Roach x5  
  169  9:26  Drone  
  169  9:27  Spore Crawler  
  169  9:32  Overlord  
  169  9:36  Queen  
  171  9:40  Roach x9  
  167  10:02  Roach x6  
  151  10:07  Hydralisk  
  151  10:08  Hydralisk x6  
  161  10:22  Hydralisk x2  
  161  10:23  Hydralisk x5  
  169  10:29  Hydralisk x3  
  169  10:35  Queen  
  177  10:36  Zerg Ground Armor Level 1  
  177  10:40  Drone x2  
  177  10:41  Infestation Pit, Extractor  
  177  10:45  Drone  
  177  10:46  Drone x4  
  176  11:01  Hydralisk x2  
  176  11:02  Hydralisk x2  
  170  11:15  Roach x6  
  170  11:16  Roach x2  
  172  11:21  Hive  
  168  11:29  Queen  
  168  11:31  Queen  
  168  11:32  Drone x2  
  168  11:33  Hatchery  
  168  11:34  Overlord  
  168  11:37  Spire  
  162  11:45  Hydralisk  
  162  11:46  Hydralisk x3  
  170  11:48  Overseer  
  170  11:50  Overlord  
  170  11:55  Extractor  
  170  12:00  Lurker, Extractor  
  169  12:03  Lurker x5  
  169  12:06  Drone  
  169  12:07  Drone x2  
  177  12:08  Spine Crawler  
  177  12:09  Drone x3, Spine Crawler  
  177  12:13  Drone x3  
  177  12:15  Drone  
  182  12:18  Hydralisk  
  182  12:19  Roach  
  182  12:20  Lurker  
Show
View Real Time Build Order
Export as new Build Order

LiquidMaNa Protoss 

Build Orders: Nexus First 

Get SALT Encoding   

  12  0:00  Probe  
  13  0:12  Probe  
  14  0:17  Pylon  
  14  0:23  Probe  
  15  0:32  Probe  
  15  0:40  Probe  
  17  1:03  Nexus  
  17  1:10  Probe  
  17  1:11  Gateway  
  18  1:18  Probe  
  18  1:21  Assimilator  
  19  1:27  Probe  
  19  1:29  Assimilator  
  21  1:40  Probe  
  21  1:45  Pylon  
  21  1:51  Probe  
  22  1:59  Probe  
  22  2:00  Cybernetics Core  
  22  2:07  Probe  
  23  2:15  Probe  
  25  2:18  Probe  
  26  2:26  Stalker  
  26  2:27  Probe  
  27  2:30  Probe  
  30  2:37  Warp Gate  
  30  2:39  Probe  
  30  2:41  Gateway  
  30  2:42  Probe  
  31  2:50  Robotics Facility  
  31  2:52  Probe  
  31  2:55  Probe  
  33  3:01  Adept  
  35  3:11  Gateway  
  35  3:14  Assimilator  
  35  3:15  Assimilator, Probe x2  
  37  3:21  Pylon  
  37  3:25  Immortal  
  37  3:27  Probe  
  37  3:28  Probe  
  39  3:40  Probe x2  
  45  3:52  Probe x2  
  47  3:56  Immortal  
  47  4:04  Probe x2  
  53  4:16  Probe  
  54  4:19  Pylon  
  54  4:25  Stargate x2  
  54  4:26  Warp Prism  
  54  4:37  Probe x2  
  58  4:38  Sentry x2  
  58  4:44  Pylon  
  62  4:55  Pylon  
  62  5:02  Phoenix x2, Probe, Pylon  
  62  5:03  Probe  
  62  5:05  Observer  
  69  5:15  Probe x2  
  71  5:22  Shield Battery  
  71  5:26  Nexus  
  71  5:32  Phoenix x2  
  75  5:43  Probe  
  75  5:45  Probe  
  77  5:55  Probe  
  77  5:56  Forge  
  78  5:57  Probe  
  78  6:00  Phoenix  
  78  6:02  Observer  
  78  6:03  Phoenix  
  83  6:06  Protoss Air Weapons Level 1  
  83  6:07  Probe  
  83  6:08  Pylon  
  83  6:10  Pylon  
  84  6:13  Pylon  
  84  6:17  Phoenix  
  86  6:28  Phoenix  
  86  6:29  Immortal  
  92  6:34  Probe x2  
  94  6:45  Protoss Ground Weapons Level 1, Probe  
  94  6:46  Probe  
  96  6:51  Robotics Bay  
  96  6:52  Stalker  
  98  6:58  Probe x3  
  101  7:10  Probe  
  101  7:14  Zealot  
  101  7:15  Zealot  
  106  7:16  Photon Cannon  
  106  7:17  Photon Cannon  
  106  7:23  Phoenix x2  
  106  7:27  Pylon  
  106  7:29  Pylon  
  110  7:35  Probe x2  
  102  7:41  Zealot x2  
  102  7:49  Phoenix x2  
  102  7:51  Probe x2  
  105  7:57  Colossus  
  108  8:00  Robotics Facility  
  108  8:01  Probe  
  108  8:03  Assimilator, Probe  
  108  8:04  Assimilator  
  110  8:05  Probe  
  110  8:10  Adept x2  
  115  8:20  Extended Thermal Lance  
  115  8:30  Twilight Council  
  113  8:37  Nexus  
  113  8:42  Colossus  
  113  8:44  Colossus  
  115  8:49  Sentry x2  
  125  8:56  Probe x2  
  125  8:58  Charge  
  125  8:59  Protoss Ground Weapons Level 2  
  125  9:03  Pylon  
  125  9:05  Pylon  
  125  9:18  Zealot  
  125  9:19  Zealot  
  125  9:23  Gateway  
  129  9:25  Gateway  
  129  9:26  Gateway  
  129  9:29  Colossus  
  127  9:35  Warp Prism  
  133  9:47  Zealot x2  
  125  10:03  Colossus  
  105  10:09  Zealot x2  
  107  10:17  Zealot  
  107  10:19  Zealot  
  109  10:26  Colossus  
  109  10:28  Zealot  
  109  10:30  Zealot x2  
  113  10:40  Zealot x2  
  113  10:42  Cybernetics Core  
  117  10:50  Zealot x2  
  117  10:52  Zealot, Disruptor  
  123  11:00  Pylon  
  119  11:04  Colossus  
  119  11:05  Zealot x2  
  119  11:10  Colossus  
  97  11:12  Probe  
  97  11:13  Probe  
  97  11:14  Probe  
  97  11:17  Gateway  
  97  11:18  Observer  
  90  11:19  Sentry  
  96  11:27  Fleet Beacon  
  96  11:28  Probe  
  102  11:33  Probe x2  
  104  11:40  Probe  
  104  11:42  Zealot x3  
  104  11:45  Probe x2  
  113  11:50  Templar Archives  
  113  11:54  Immortal  
  113  12:01  Pylon  
  117  12:05  Zealot x3  
  117  12:08  Gateway  
  123  12:09  Gateway  
  123  12:12  Gateway  
  123  12:14  Gateway  
  123  12:18  Observer  
Tags
 
Add a new tag
Caveats
  • Supply blocks, unpowered buildings, or Contaminate may cause inaccurate times.
  • Supply counts are checked every 10 seconds.